 Dungeon Crawl Stone Soup version 0.31.0-9-g3a7656b989 (webtiles) character file.

Game seed: 2743148619293228805

68 qw the Shooter (level 4, 0/25 HPs)
             Began as a Deep Elf Hunter on Feb 2, 2024.
             Slain by a cerulean imp
             ... wielding a +2 spear
             ... summoned by Natasha
              (5 damage)
             ... on level 3 of the Dungeon.
             The game lasted 00:00:05 (1598 turns).

qw the Shooter (Deep Elf Hunter)                    Turns: 1598, Time: 00:00:06

Health: 0/25       AC:  7    Str: 10    XL:     4   Next: 1%
Magic:  6/6        EV: 11    Int: 14    God:
Gold:   127        SH:  0    Dex: 18    Spells: 3/3 levels left

rFire   . . .        a - +0 shortbow
rCold   . . .        (shield currently unavailable)
rNeg    . . .        g - +1 ring mail
rPois   +            d - +0 helmet
rElec   .            (no cloak)
rCorr   .            (no gloves)
SInv    .            (no boots)
Will    .....        (no amulet)
Stlth   +            h - ring of poison resistance
HPRegen 0.24/turn    (no ring)
MPRegen 0.10/turn

%: no passive effects
@: no status effects
A: no striking features
a: no special abilities


You were on level 3 of the Dungeon.
You visited 1 branch of the dungeon, and saw 3 of its levels.

You collected 127 gold pieces.


   Skills:
 - Level 1.5 Fighting
 + Level 7.4 Ranged Weapons
 - Level 2.4 Dodging
 - Level 1.2 Stealth


You had 3 spell levels left.
You didn't know any spells.
Your spell library was empty.

Inventory:

Hand Weapons
 a - a +0 shortbow (weapon)
Armour
 d - a +0 helmet (worn)
 g - a +1 ring mail (worn)
Jewellery
 h - a ring of poison resistance (left hand)
Wands
 b - a wand of flame (10)
Scrolls
 c - 2 scrolls of identify
Potions
 e - 3 potions of curing
 f - a potion of might
 i - a potion of mutation {unknown}

Dungeon Overview and Level Annotations

Branches:
Dungeon (3/15)

Altars:

Annotations:
D:3 Natasha


Message History

The adder misses you.
The cerulean imp hits you from afar with a +2 spear.
You shoot an arrow.
The arrow hits the adder but does no damage.
The adder is heavily wounded.
The adder bites you.
Natasha casts a spell.
The cerulean imp hits you but does no damage.
The adder bites you but does no damage.
You shoot an arrow. The arrow hits the adder.
The adder is almost dead.
The adder barely misses you.
The cerulean imp hits you from afar with a +2 spear.
Natasha misses you.
1594 ||| RETREEEEATING.
The adder attacks as it pursues you! The adder bites you.
Natasha howls an incantation.
Natasha's front paws start to glow.
The adder bites you.
You shoot an arrow. The arrow barely misses the adder.
The arrow closely misses Natasha.
You hear a shout!
The adder misses you.
The cerulean imp hits you from afar with a +2 spear.
1596 ||| RETREEEEATING.
The adder attacks as it pursues you! The adder bites you but does no damage.
You shoot an arrow. The arrow closely misses the adder.
The arrow closely misses the cerulean imp.
The arrow hits Natasha.
Natasha is lightly wounded.
The adder barely misses you.
The cerulean imp hits you but does no damage.
The adder bites you but does no damage.
The cerulean imp hits you from afar with a +2 spear.
You shoot an arrow. The arrow closely misses the adder.
The arrow closely misses the cerulean imp.
The arrow closely misses Natasha.
The adder bites you.
The cerulean imp hits you from afar with a +2 spear.
You die...

..#####.#..#
####.
#.#..#####.#
###..#.
#.#........#
.......##
#.#.########
........####.#.#
#.5..h5....#.#
#5# #.# #S# #.#
#@######.#
#....>...#
##########


You could see Natasha, 2 cerulean imps and an adder.

Vanquished Creatures
  3 adders (D:2)
  3 bats (D:1)
  4 endoplasms
  A giant cockroach (D:1)
  3 goblins (D:1)
  3 hobgoblins
  A jackal (D:2)
  3 quokkas
  5 ball pythons
  4 frilled lizards
  6 kobolds
  6 rats
42 creatures vanquished.

Notes
Turn   | Place    | Note
-------+----------+-------------------------------------------
     0 | D:1      | qw the Deep Elf Hunter began the quest for the Orb.
     0 | D:1      | Reached XP level 1. HP: 12/12 MP: 3/3
     0 | D:1      | 0 ||| qw: Version: 0.3-a-155-g5e7d8dd
     0 | D:1      | 0 ||| qw: Game counter: 1233
     0 | D:1      | 0 ||| qw: Melee chars always use a shield: true
     0 | D:1      | 0 ||| qw: God list: Okawaru
     0 | D:1      | 0 ||| qw: Allow faded altars: false
     0 | D:1      | 0 ||| qw: Do Orc after clearing Dungeon:15 true
     0 | D:1      | 0 ||| qw: Do second Lair branch before Depths: true
     0 | D:1      | 0 ||| qw: Lair rune preference: random
     0 | D:1      | 0 ||| qw: Goals: Normal
     0 | D:1      | 0 ||| PLANNING D:1-11
   132 | D:1      | Reached XP level 2. HP: 16/16 MP: 4/4
   141 | D:1      | Found a faded altar of an unknown god.
   147 | D:1      | Reached skill level 6 in Ranged Weapons
   636 | D:1      | 636 ||| UPGRADING to +0 ring mail.
   646 | D:1      | 646 ||| DROPPING +0 leather armour.
   647 | D:1      | 647 ||| READING scroll labelled BUJIACZUOCS.
   648 | D:1      | 648 ||| READING scroll labelled UTUEFE WIODE.
   651 | D:1      | 651 ||| READING scroll labelled DURHEA JODANG.
   651 | D:1      | 651 ||| ENCHANTING +0 ring mail.
   652 | D:1      | 652 ||| READING scroll labelled TUEDAM QUEBIZY.
   652 | D:1      | 652 ||| IDENTIFYING 3 dark potions
   653 | D:1      | 653 ||| DROPPING scroll of butterflies.
   669 | D:2      | Reached XP level 3. HP: 15/20 MP: 5/5
   823 | D:2      | Reached skill level 7 in Ranged Weapons
  1338 | D:2      | Reached XP level 4. HP: 25/25 MP: 6/6
  1527 | D:2      | 1527 ||| UPGRADING to +0 helmet.
  1532 | D:2      | 1532 ||| UPGRADING to ring of poison resistance.
  1533 | D:2      | 1533 ||| READING 3 scrolls of identify.
  1533 | D:2      | 1533 ||| IDENTIFYING puce potion
  1588 | D:3      | Noticed Natasha
  1594 | D:3      | 1594 ||| RETREEEEATING.
  1596 | D:3      | 1596 ||| RETREEEEATING.
  1598 | D:3      | HP: 5/25 [adder (2)]
  1598 | D:3      | Slain by a cerulean imp

Levels and vault maps discovered:
D:1:      wander_arrival_estate, layout_loops_ring,
          hellmonk_ecumenical_altar_crossroads
D:2:      kennysheep_six_static_rooms, layout_loops_ring, serial_bayou_lagoon_a,
          grunt_decor_cap, minmay_misc_feat_nine_boxes
D:3:      minmay_door_path, layout_loops_ring, xom_redecorated,
          guppyfry_early_lair_pool, uniq_natasha

Skill      XL: |  1  2  3 |
---------------+----------+-----
Ranged Weapons | 6 7 |  7.4
Fighting       | |  1.5
Dodging        | |  2.4
Stealth        | |  1.2

Action                     |  1- 3 |  4- 6 || total
---------------------------+-------+-------++-------
   Fire: Shortbow          |   102 |    10 ||   112
    Use: Scroll            |     4 |     1 ||     5
 Armour: Leather armour    |     6 |       ||     6
         Ring mail         |    13 |    16 ||    29
  Dodge: Dodged            |    17 |     5 ||    22

Table legend:
 A = Non-vault XP
 B = Vault XP
 C = Vault XP percentage of total XP
 D = Non-vault monster count
 E = Vault monster count
 F = Vault count percentage of total count
                 A         B        C        D         E       F
            +---------+---------+-------+---------+---------+-------
      Total |      78 |      20 |  20.4 |      36 |       6 |  14.3
            +---------+---------+-------+---------+---------+-------
        D:1 |      36 |       0 |   0.0 |      24 |       0 |   0.0
        D:2 |      42 |      20 |  32.3 |      12 |       6 |  33.3
            +---------+---------+-------+---------+---------+-------
